Map: Flashback EE

Players

Chrome

  • Race: Terran Terran
  • Spawn Location: 11:00

loOI

  • Race: Protoss Protoss
  • Spawn Location: 9:00

SleepyTiger

  • Race: Zerg Zerg
  • Spawn Location: 11:00

TATORREA

  • Race: Protoss Protoss
  • League: Gold
  • Spawn Location: 7:00

tigro

  • Race: Terran Terran
  • League: Bronze
  • Spawn Location: 7:00

MrFercho

  • Race: Zerg Zerg
  • League: Silver
  • Spawn Location: 7:00

VOD

Have the link to the VOD?

Description

Time

  • Played on: June 30, 2020, 9:59 p.m.
  • Length: 13:53
Show
View Real Time Build Order
Export as new Build Order

Chrome Terran 

Build Orders:  

Get SALT Encoding   

  12  0:01  SCV  
  13  0:13  Supply Depot  
  13  0:19  SCV  
  14  0:31  SCV  
  15  0:40  Barracks  
  15  0:43  SCV  
  16  0:54  Refinery  
  16  0:55  SCV  
  17  0:58  Refinery  
  17  1:07  SCV  
  18  1:19  SCV  
  19  1:34  Marine  
  20  1:48  SCV  
  21  2:00  Barracks Tech Lab  
  21  2:05  Factory  
  21  2:06  Orbital Command  
  21  2:27  Command Center  
  19  3:05  SCV  
  20  3:06  Factory Tech Lab  
  20  3:25  Siege Tank  
  23  3:40  Marine  
  23  3:41  SCV  
  25  3:47  Supply Depot  
  25  3:53  SCV  
  26  3:58  Marine  
  26  4:00  Siege Tank  
  30  4:13  Engineering Bay  
  30  4:22  SCV  
  31  4:28  SCV  
  32  4:31  Marine  
  32  4:34  Siege Tank  
  36  4:39  Planetary Fortress  
  36  4:40  SCV  
  36  4:44  Refinery  
  37  4:49  Marine  
  37  4:51  Terran Infantry Weapons Level 1  
  38  4:56  Supply Depot  
  38  5:07  Marine  
  38  5:09  Cyclone  
  38  5:10  SCV  
  43  5:22  Armory  
  43  6:14  Marine  
  43  6:18  Thor  
  50  6:23  Terran Vehicle And Ship Armor Level 1  
  50  6:24  Factory, SCV  
  51  6:31  Marine  
  52  6:33  SCV  
  52  6:34  Refinery  
  53  6:45  SCV  
  54  6:49  Marine  
  55  6:57  SCV  
  56  7:01  Thor  
  56  7:03  Sensor Tower  
  62  7:25  Factory Tech Lab  
  62  7:27  Marine  
  62  7:28  SCV  
  57  7:40  SCV  
  54  7:55  Siege Tank  
  54  7:56  Siege Tank  
  60  8:17  Terran Vehicle Weapons Level 1  
  60  8:20  Missile Turret  
  60  8:25  Marine  
  61  8:40  Terran Infantry Armor Level 1, Missile Turret  
  61  8:43  Supply Depot, Marine  
  62  9:02  Thor, Marine  
  69  9:04  Thor  
  69  9:05  Supply Depot  
  75  9:12  SCV  
  76  9:19  Marine  
  77  9:24  Sensor Tower  
  77  9:35  SCV  
  77  9:37  Marine  
  79  9:40  SCV  
  79  9:44  Thor  
  86  9:46  Sensor Tower  
  86  9:47  Thor, SCV  
  93  10:05  Missile Turret  
  93  10:11  Terran Vehicle And Ship Armor Level 2  
  90  10:38  Hellion x2  
  93  11:15  SCV  
  94  11:58  Supply Depot  
  94  12:12  Supply Depot  
  94  12:17  Thor, SCV x2  
  94  12:19  Hellion  
  104  12:29  SCV  
  105  12:41  SCV  
  117  13:43  Supply Depot  
  117  13:47  Supply Depot  
Show
View Real Time Build Order
Export as new Build Order

loOI Protoss 

Build Orders: Carriers 

Get SALT Encoding   

  12  0:01  Probe  
  13  0:15  Probe  
  13  0:20  Pylon  
  14  0:27  Probe  
  15  0:36  Assimilator  
  15  0:39  Probe  
  16  0:49  Gateway  
  16  0:51  Probe  
  16  0:54  Assimilator  
  17  1:03  Probe  
  18  1:16  Probe  
  19  1:28  Probe  
  20  1:40  Probe  
  20  1:44  Cybernetics Core  
  21  1:48  Pylon  
  21  1:52  Probe  
  22  2:04  Probe  
  23  2:16  Nexus  
  23  2:20  Stalker  
  23  2:23  Assimilator  
  25  2:41  Probe  
  25  2:43  Stalker  
  28  2:53  Probe  
  28  3:07  Probe  
  29  3:13  Stalker  
  31  3:20  Stargate  
  31  3:23  Pylon  
  31  3:28  Probe  
  31  3:31  Assimilator  
  32  3:40  Probe  
  33  3:44  Stargate  
  33  3:48  Probe  
  34  4:00  Probe  
  35  4:09  Void Ray  
  39  4:13  Probe  
  40  4:20  Probe  
  41  4:25  Probe  
  42  4:35  Void Ray  
  42  4:36  Probe  
  47  4:44  Probe  
  47  4:52  Probe  
  48  4:55  Protoss Air Weapons Level 1  
  49  5:06  Void Ray  
  53  5:07  Probe  
  53  5:13  Pylon  
  54  5:31  Probe x2  
  56  5:44  Probe  
  57  6:00  Fleet Beacon, Probe  
  58  6:11  Stargate  
  58  6:13  Probe  
  59  6:33  Pylon  
  59  6:49  Protoss Air Armor Level 1  
  53  7:10  Carrier x2  
  65  7:17  Pylon  
  65  7:20  Pylon  
  65  7:23  Pylon  
  65  7:35  Carrier  
  71  7:58  Nexus  
  71  8:11  Probe  
  72  8:14  Carrier x2  
  84  8:23  Probe  
  84  8:25  Assimilator  
  85  8:32  Assimilator  
  85  8:39  Carrier  
  91  8:55  Protoss Air Weapons Level 2  
  91  8:59  Mothership  
  99  9:12  Pylon  
  99  9:14  Pylon  
  99  9:15  Pylon  
  99  9:18  Carrier  
  105  9:27  Probe  
  105  9:30  Tempest  
  111  9:39  Probe  
  111  9:43  Tempest  
  117  9:51  Probe  
  118  10:13  Tempest  
  103  10:59  Probe  
  104  11:11  Probe  
  105  11:23  Probe  
  106  11:28  Tempest x2, Carrier  
  122  11:35  Probe  
  109  12:11  Tempest  
  100  12:31  Tempest  
  100  12:32  Tempest  
  104  12:54  Tempest  
  109  13:09  Assimilator  
Show
View Real Time Build Order
Export as new Build Order

SleepyTiger Zerg 

Build Orders: Pool First 

Get SALT Encoding   

  12  0:02  Drone  
  13  0:08  Drone  
  14  0:18  Overlord  
  14  0:36  Drone x3  
  17  0:50  Spawning Pool  
  17  0:51  Drone  
  17  0:55  Extractor  
  16  0:58  Drone  
  17  1:09  Drone  
  18  1:16  Extractor  
  17  1:21  Drone  
  18  1:32  Drone  
  19  1:41  Roach Warren, Drone  
  20  1:54  Drone  
  20  2:03  Drone  
  21  2:11  Hatchery  
  20  2:19  Drone  
  21  2:25  Overlord  
  21  2:30  Lair  
  21  2:40  Overlord  
  21  2:46  Roach  
  23  2:56  Roach  
  25  3:15  Roach  
  27  3:20  Drone  
  28  3:27  Queen  
  28  3:31  Hydralisk Den  
  28  3:33  Roach x2  
  33  3:39  Drone x2  
  33  3:40  Queen  
  37  3:57  Drone x3  
  40  4:12  Drone x3  
  43  4:30  Drone  
  44  4:32  Overlord x2  
  44  4:50  Drone  
  44  4:51  Drone x5  
  50  4:56  Extractor  
  49  5:04  Roach x4  
  49  5:06  Hatchery  
  56  5:13  Spore Crawler x2  
  54  5:19  Spore Crawler  
  53  6:01  Grooved Spines  
  53  6:02  Glial Reconstitution  
  53  6:04  Hydralisk x3  
  53  6:07  Overlord x3  
  53  6:08  Overlord  
  59  6:15  Pneumatized Carapace  
  59  6:19  Drone x5  
  64  6:27  Drone  
  64  6:28  Drone x3  
  64  6:31  Drone  
  64  6:32  Drone x3  
  72  6:43  Hydralisk x3  
  78  6:48  Drone  
  79  7:02  Roach x3  
  85  7:12  Extractor  
  85  7:13  Muscular Augments  
  84  7:17  Queen  
  84  7:21  Roach  
  84  7:22  Roach x5  
  92  7:54  Overlord x4  
  92  7:55  Overlord  
  92  8:13  Overlord  
  92  8:14  Overlord x3  
  92  8:22  Roach  
  92  8:23  Roach x4  
  102  8:33  Drone  
  105  8:34  Drone x2  
  105  8:40  Extractor  
  106  8:41  Roach  
  106  8:42  Roach x5  
  116  8:58  Hydralisk x3  
  116  8:59  Hydralisk x4  
  130  9:11  Hydralisk  
  130  9:12  Hydralisk x2  
  130  9:16  Hydralisk  
  136  9:17  Hydralisk x8  
  136  9:21  Hatchery  
  153  9:36  Evolution Chamber  
  152  9:53  Extractor  
  151  10:03  Hydralisk x5  
  159  10:23  Hydralisk  
  159  11:10  Hydralisk  
  159  11:11  Hydralisk x3  
  161  11:15  Zerg Missile Weapons Level 1  
  161  11:16  Overlord x2  
  161  11:17  Overlord x3  
  167  11:38  Roach  
  167  11:39  Roach x6  
  181  11:43  Queen  
  183  11:48  Hydralisk x4  
  191  12:29  Roach x4  
  199  13:33  Roach x2  
Show
View Real Time Build Order
Export as new Build Order

TATORREA Protoss 

Build Orders: 1 Gate Expand 

Get SALT Encoding   

  12  0:01  Probe  
  13  0:13  Probe  
  14  0:25  Probe  
  14  0:27  Pylon  
  15  0:45  Probe  
  15  0:48  Gateway  
  16  1:15  Probe  
  17  1:27  Assimilator, Probe  
  17  1:31  Pylon  
  18  1:41  Nexus  
  18  1:42  Probe  
  18  1:43  Pylon  
  18  1:54  Probe  
  19  1:58  Cybernetics Core  
  19  2:06  Probe  
  20  2:18  Probe  
  20  2:20  Gateway  
  21  2:24  Assimilator  
  21  2:30  Probe  
  21  2:32  Zealot  
  21  2:35  Warp Gate  
  24  2:42  Probe  
  25  2:53  Probe  
  26  3:08  Probe  
  26  3:09  Probe  
  28  3:17  Stalker  
  30  3:20  Sentry  
  30  3:23  Probe x2  
  34  3:30  Robotics Facility  
  34  3:32  Gateway  
  34  3:34  Gateway  
  34  3:42  Probe x2  
  34  3:45  Pylon  
  36  3:51  Sentry  
  36  3:54  Probe x2  
  40  4:06  Probe x2  
  42  4:18  Probe x2  
  44  4:27  Nexus  
  44  4:30  Pylon  
  44  4:31  Probe x2  
  44  4:32  Pylon  
  46  4:39  Assimilator  
  46  4:42  Observer  
  46  4:43  Assimilator  
  47  4:56  Stalker  
  47  4:58  Stalker  
  51  5:03  Stalker, Immortal  
  57  5:07  Stalker  
  57  5:09  Probe  
  57  5:10  Probe  
  61  5:21  Probe  
  61  5:22  Probe  
  63  5:29  Stalker  
  63  5:30  Stalker  
  63  5:32  Stalker  
  63  5:33  Probe  
  63  5:34  Probe  
  71  5:37  Stalker  
  73  5:47  Probe x2  
  73  5:48  Probe  
  76  5:59  Stalker, Probe  
  76  6:00  Stalker, Probe x2  
  76  6:01  Stalker  
  85  6:05  Stalker  
  87  6:16  Robotics Bay  
  87  6:20  Pylon  
  87  6:22  Probe  
  87  6:23  Pylon, Probe  
  87  6:24  Probe  
  90  6:26  Pylon  
  90  6:34  Probe  
  90  6:35  Probe  
  90  6:36  Assimilator, Probe  
  90  6:39  Assimilator  
  93  6:46  Probe  
  95  6:47  Probe  
  95  6:48  Probe  
  95  7:02  Probe x3  
  98  7:24  Probe x3  
  98  7:26  Nexus  
  98  7:28  Pylon  
  101  7:31  Pylon  
  89  7:49  Colossus  
  89  7:51  Extended Thermal Lance  
  65  7:53  Stalker  
  65  7:54  Stalker x2  
  65  7:55  Stalker  
  79  8:12  Forge  
  79  8:13  Probe x3  
  79  8:14  Forge  
  79  8:15  Forge  
  82  8:33  Probe x2  
  82  8:34  Probe  
  85  8:36  Pylon  
  85  8:38  Pylon  
  85  8:42  Pylon  
  85  8:43  Probe  
  85  8:45  Pylon, Probe x2  
  85  8:46  Probe  
  89  8:48  Sentry  
  89  8:49  Sentry x3, Pylon  
  89  8:52  Pylon  
  89  8:53  Colossus  
  103  9:06  Twilight Council  
  103  9:08  Gateway  
  103  9:13  Gateway x2  
  103  9:16  Gateway  
  103  9:25  Gateway, Probe  
  103  9:26  Gateway, Probe x3  
  103  9:28  Gateway x2  
  103  9:30  Gateway  
  103  9:31  Gateway, Assimilator  
  107  9:34  Gateway  
  107  9:35  Gateway  
  107  9:36  Assimilator  
  107  9:37  Probe  
  107  9:38  Gateway, Probe  
  109  9:39  Gateway  
  109  9:41  Gateway  
  109  9:46  Gateway  
  109  9:47  Gateway  
  109  9:49  Gateway  
  109  9:53  Gateway  
  109  10:08  Observer  
  109  10:11  Nexus  
  109  10:12  Pylon  
  110  10:14  Protoss Ground Armor Level 1, Protoss Ground Weapons Level 1, Protoss Shields Level 1  
  110  10:15  Pylon  
  110  10:17  Stalker  
  110  10:18  Stalker  
  110  10:19  Stalker x3  
  110  10:20  Stalker  
  110  10:21  Stalker x2  
  126  10:26  Blink  
  126  10:40  Gravitic Boosters  
  126  10:42  Observer  
  126  10:50  Stalker x4  
  126  10:51  Stalker x5  
  126  10:53  Stalker  
  146  11:11  Stalker x4  
  150  11:12  Stalker x4  
  162  11:24  Stalker x2  
  162  11:25  Stalker x3  
  172  11:26  Stalker  
  123  11:54  Stalker  
  123  11:55  Stalker x3  
  123  11:56  Stalker  
  123  11:57  Stalker x2  
  123  11:58  Stalker x3  
  123  11:59  Stalker x3  
  123  12:00  Stalker  
  127  12:02  Stalker  
  103  12:27  Stalker x3  
  103  12:28  Stalker x5  
  103  12:29  Stalker x2  
  95  12:30  Stalker x2  
  74  12:59  Stalker  
  74  13:00  Stalker x3  
  74  13:01  Stalker x4  
  83  13:23  Stalker  
  83  13:24  Stalker  
Show
View Real Time Build Order
Export as new Build Order

tigro Terran 

Build Orders:  

Get SALT Encoding   

  12  0:03  SCV  
  13  0:16  SCV  
  14  0:28  Supply Depot, SCV, Refinery  
  16  0:50  SCV  
  16  0:54  Barracks  
  16  0:58  Refinery  
  16  1:02  SCV  
  17  1:14  SCV  
  18  1:26  SCV  
  19  1:38  Supply Depot, SCV  
  20  1:43  Marine  
  21  1:55  Barracks  
  21  1:59  SCV  
  22  2:01  Marine  
  23  2:11  SCV  
  24  2:19  Marine  
  25  2:23  SCV  
  26  2:37  Marine  
  26  2:41  Orbital Command  
  27  2:52  Engineering Bay  
  27  2:53  Barracks Reactor  
  27  2:54  Marine  
  28  3:04  Factory  
  28  3:21  Terran Infantry Weapons Level 1  
  28  3:24  Barracks Tech Lab  
  28  3:49  Command Center  
  28  3:50  Factory Tech Lab  
  28  4:05  Missile Turret  
  28  4:27  Missile Turret  
  28  4:40  Combat Shield  
  28  4:47  Marine  
  28  4:48  Marine  
  30  4:54  Missile Turret  
  30  5:03  Starport  
  30  5:15  Terran Infantry Armor Level 1  
  30  5:16  Missile Turret  
  30  5:18  Siege Tank  
  33  5:25  Refinery  
  33  5:26  SCV  
  34  5:38  SCV  
  34  5:42  Missile Turret  
  35  5:48  Refinery  
  35  5:50  SCV  
  35  5:55  Medivac  
  38  5:59  Stimpack  
  38  6:01  Starport  
  38  6:02  SCV  
  39  6:09  Missile Turret  
  39  6:15  SCV  
  40  6:27  SCV  
  41  6:36  Marine x3  
  44  6:42  Fusion Core  
  44  6:54  Marine x3  
  47  7:04  SCV  
  48  7:09  Neosteel Armor  
  48  7:12  Marine x3  
  51  7:16  SCV  
  51  7:18  Starport Tech Lab x2  
  52  7:23  Siege Tank  
  52  7:29  SCV  
  56  7:30  Marine x2  
  56  7:31  Armory  
  58  7:37  Marine  
  58  7:41  SCV  
  58  7:43  Medivac  
  62  8:26  Supply Depot  
  62  8:41  Weapon Refit  
  62  8:47  Marine x3, Siege Tank, SCV  
  69  8:49  Supply Depot, Hi-Sec Auto Tracking  
  69  8:59  SCV  
  69  9:00  Battlecruiser  
  76  9:05  Marine x2  
  76  9:08  Terran Vehicle Weapons Level 1  
  78  9:10  Marine  
  78  9:11  SCV  
  80  9:23  Marine x2  
  80  9:24  SCV  
  83  9:28  Marine  
  84  9:46  Terran Infantry Weapons Level 2  
  84  9:57  Marine  
  84  9:58  Marine  
  86  10:13  Marine  
  86  10:15  Marine  
  86  10:16  Marine  
  63  10:31  Marine  
  63  10:33  Marine x2  
  54  10:49  Thor, Marine  
  61  10:51  Marine x2  
  61  10:57  Medivac x2  
  65  11:03  Terran Vehicle And Ship Armor Level 1  
  67  11:07  Marine  
  67  11:09  Marine x2  
  70  11:20  Command Center  
  70  11:25  Marine  
  71  11:27  Marine x2, Battlecruiser x2  
  71  11:32  Thor  
  69  11:43  Marine  
  69  11:44  Marine  
  69  11:45  Marine  
  63  12:00  Marine  
  64  12:02  Marine x2  
  57  12:14  Thor  
  58  12:18  Marine  
  58  12:20  Marine x2  
  59  12:36  Marine  
  59  12:38  Marine x2  
  52  12:54  Marine  
  52  12:56  Marine x2  
  52  12:57  Thor  
  61  13:12  Marine  
  62  13:23  Missile Turret  
  62  13:43  Missile Turret  
Show
View Real Time Build Order
Export as new Build Order

MrFercho Zerg 

Build Orders: Pool First 

Get SALT Encoding   

  12  0:01  Drone  
  13  0:22  Overlord  
  13  0:34  Spawning Pool  
  13  0:35  Drone  
  13  0:39  Drone  
  14  0:43  Drone  
  14  0:47  Drone  
  16  0:57  Drone  
  17  1:25  Zergling x4  
  18  1:27  Queen  
  18  1:29  Overlord  
  21  1:33  Extractor  
  20  1:42  Drone  
  21  1:58  Drone  
  21  2:01  Drone  
  23  2:08  Hatchery  
  22  2:17  Drone  
  23  2:23  Drone  
  23  2:26  Evolution Chamber  
  23  2:39  Drone  
  22  3:06  Drone x3  
  22  3:10  Metabolic Boost  
  25  3:14  Zerg Melee Weapons Level 1  
  25  3:24  Drone  
  25  3:25  Drone x2  
  28  3:32  Extractor  
  27  3:40  Drone  
  29  3:41  Drone  
  29  4:04  Lair  
  29  4:07  Zergling x8, Hatchery  
  29  4:09  Hatchery  
  31  4:14  Drone x3  
  34  4:18  Zergling x4  
  34  4:19  Overlord  
  36  4:37  Overlord x2  
  36  4:39  Drone x3  
  36  4:40  Drone x2  
  41  5:06  Drone  
  41  5:07  Drone  
  43  5:16  Zergling x10  
  48  5:27  Drone x3  
  46  5:49  Zergling x10  
  51  5:50  Zergling x2  
  51  5:55  Zergling x6  
  54  6:00  Queen  
  56  6:06  Zerg Melee Weapons Level 2  
  56  6:07  Spire  
  55  6:12  Evolution Chamber  
  55  6:15  Nydus Network  
  55  6:17  Zergling x20  
  63  6:31  Zergling x2  
  63  6:32  Zergling x4  
  64  7:00  Zerg Ground Armor Level 1  
  63  7:03  Drone x4  
  63  7:04  Drone x4  
  63  7:07  Overlord x3  
  71  7:14  Extractor  
  70  7:16  Extractor  
  58  7:36  Mutalisk x4  
  58  7:37  Mutalisk  
  50  7:42  Zergling x8  
  62  8:08  Mutalisk x4  
  70  8:17  Drone x3  
  73  8:26  Zergling x28  
  87  8:28  Hatchery  
  87  8:31  Extractor  
  85  8:35  Extractor  
  85  8:40  Infestation Pit  
  83  8:52  Pneumatized Carapace  
  83  8:55  Zerg Flyer Weapons Level 1  
  83  8:57  Zerg Ground Armor Level 2  
  83  9:26  Overseer  
  83  9:52  Drone  
  84  9:53  Drone x2  
  84  9:59  Drone x2  
  88  10:07  Nydus Canal  
  88  10:12  Mutalisk x2  
  92  10:17  Mutalisk  
  92  10:18  Mutalisk x4  
  69  11:09  Queen  
  65  11:16  Corruptor x7  
  65  11:32  Corruptor  
  67  11:43  Drone x6  
  73  11:47  Corruptor x2  
  63  12:17  Corruptor x5  
  73  12:32  Hive  
  73  12:40  Corruptor x2  
  73  12:43  Zergling x4  
  73  12:44  Zergling x10  
  84  12:47  Zergling x2  
  84  12:48  Zergling x10  
  33  13:20  Zergling x2  
  33  13:21  Zergling x16  
Tags
 
Add a new tag
Caveats
  • Supply blocks, unpowered buildings, or Contaminate may cause inaccurate times.
  • Supply counts are checked every 10 seconds.